[Event "*** Titled Tuesday Blitz"]
[Site "Chess.com"]
[Date "2019.03.05"]
[Round "1"]
[White "Supernotar"]
[Black "wanyaland"]
[Result "1-0"]
[WhiteElo "2516"]
[BlackElo "2114"]
[TimeControl "180+2"]
[EndTime "13:09:24 PST"]
[Termination "Supernotar won by resignation"]

1. d4 d5 2. c4 c6 3. e3 Nf6 4. Bd3 e6 5. Nd2 Bd6 6. Ngf3 Nbd7 7. O-O O-O 8. e4 dxe4 9. Nxe4 Nxe4 10. Bxe4 Nf6 11.
Bc2 Qc7 12. Bg5 Be7 13. Qd3 g6 14. Ne5 Rd8 15. Rad1 c5 16. Qf3 Kg7 17. Qf4 Rxd4 18. Rxd4 cxd4 19. Qxd4 b5 20. Ng4 e5 21. Nxe5 bxc4 22. Nxc4 Be6 23. Bb3 Rd8 24. Qh4 Nd5 25.
Bxe7 Qxe7 26. Qd4+ Nf6 27. Qe5 Rd5 28. Qc3 Rc5 29.
Qe3 Qc7 30. Nd2 Bxb3 31. Nxb3 Rc2 32. Qd4 Qc4 33. Qxc4 Rxc4 34. Rc1 Rb4 35. f3 a5 36. Rc2 a4 37. Nc5 a3 38. bxa3 Rb1+ 39. Kf2 Nd5 40. Ke2 Kf6 41. Kd3 Ke5 42. g3 Rd1+ 43. Ke2 Rb1 44.
Nb3 f5 45. f4+ Kd6 46. Kd3 Rd1+ 47. Rd2 Rxd2+ 48. Kxd2 Nb6 49. Kd3 Kd5 50. Nd2 h6 51.
Nb1 g5 52. Nc3+ Kc5 53. fxg5 hxg5 54. h4 gxh4 55. gxh4 Nc4 56. a4 Ne5+ 57. Ke3 Kc4 58. a5 Kxc3 59. a6 Nc6 60. h5 Kc4 61. h6 1-0

[Event "*** Titled Tuesday Blitz"]
[Site "Chess.com"]
[Date "2019.03.05"]
[Round "1"]
[White "kacprekt"]
[Black "therealtrader"]
[Result "0-1"]
[WhiteElo "2280"]
[BlackElo "2645"]
[TimeControl "180+2"]
[EndTime "13:09:26 PST"]
[Termination "therealtrader won by resignation"]

1. d4 Nf6 2. c4 e6 3. Nc3 Bb4 4. Nf3 O-O 5. Bg5 b6 6. e3 Bb7 7. Bd3 c5 8. O-O cxd4 9. exd4 h6 10. Bh4 Re8 11. Ne4 Be7 12. Bxf6 Bxf6 13. Nd6 Rf8 14. Nxb7 Qc7 15. Be4 d5 16. cxd5 Qxb7 17. Qb3 Rd8 18. Ne5 exd5 19. Bf3 Rd6 20. Rfe1 Nd7 21. Rac1 Rd8 22.
Nxd7 Qxd7 23. Qd3 Qa4 24. a3 Qxd4 25. Qxd4 Bxd4 26. Rc2 Bf6 27. Rd1 d4 28. Rd3 Re8 29. g3 Re1+ 30. Kg2 g6 31. h4 h5 32. Rc8+ Kg7 33.
Rc7 Re7 34. Rc2 a6 35. a4 Re5 36. b3 Rc5 37. Re2 Re6 38. Be4 Rc3 39. f3 Re7 40.
Red2 Rc1 41. Rd1 Rc2+ 42. R1d2 Rec7 43. Rxd4 Rc1 44. R4d3 Re1 45. Rd7 Rcc1 46. Bd5 Rg1+ 47. Kf2 Rcf1+ 48. Ke2 Bc3 49. Rxf7+ Kh6 50. Rd3 Be1 51. Be4 Bxg3 52. Ke3 Bxh4 53. Kf4 Bg3+ 54. Ke3 Re1+ 55. Kd4 Rd1 56. Rf6 Rxd3+ 57. Bxd3 Bf2+ 58. Kc4 h4 59. Bf5 Kg7 0-1

[Event "*** Titled Tuesday Blitz"]
[Site "Chess.com"]
[Date "2019.03.05"]
[Round "1"]
[White "shrek4life02"]
[Black "Korchmar_Vasiliy"]
[Result "0-1"]
[WhiteElo "2365"]
[BlackElo "2736"]
[TimeControl "180+2"]
[EndTime "13:09:32 PST"]
[Termination "Korchmar_Vasiliy won on time"]

1. d4 Nf6 2. Bf4 d5 3. Nc3 a6 4. Nf3 Nbd7 5. e3 b5 6. Be2 Bb7 7. a3 e6 8. O-O c5 9. Bg3 Be7 10.
Ne5 Nxe5 11. dxe5 Nd7 12. f4 O-O 13. Bf3 Nb6 14. e4 d4 15. Ne2 Nc4 16. Bf2 Nxb2 17. Qc1 Nc4 18. Bg3 Rc8 19. f5 Bg5 20. Qe1 Be3+ 21.
Kh1 Nd2 22. f6 Qc7 23. Rf2 Nxe4 24. Bxe4 Bxe4 25. Nf4 g6 26. Re2 Rfd8 27. Rxe3 dxe3 28. Qxe3 Qxe5 29. Rf1 Qd4 30. Qc1 Qd2 31. Qb2 g5 32. Qe5 gxf4 33. Qg5+ Kf8 34. Bxf4 Qxg2+ 35. Qxg2 Bxg2+ 36. Kxg2 Rd5 37. a4 b4 38. Kf3 c4 39. Ke4 b3 40. Rg1 b2 41. c3 Rc6 42. Rb1 Rb6 43. Be3 Rb3 44. Bd4 Ke8 45. h4 Kd7 46.
Ke3 Rh5 47. Kd2 Rxh4 48. Ke3 Rh3+ 49. Ke4 Rh2 50. Be5 Rc2 51. Rd1+ Kc8 0-1

[Event "*** Titled Tuesday Blitz"]
[Site "Chess.com"]
[Date "2019.03.05"]
[Round "1"]
[White "Andrew-FB00"]
[Black "Jbd735"]
[Result "0-1"]
[WhiteElo "1849"]
[BlackElo "2467"]
[TimeControl "180+2"]
[EndTime "13:09:34 PST"]
[Termination "Jbd735 won by resignation"]

1. e4 e5 2. Nf3 Nc6 3. Bb5 a6 4. Ba4 Nf6 5. d4 exd4 6. O-O Bc5 7. e5 Nd5 8. Re1 O-O 9. Bb3 Nb6 10. Bf4 h6 11.
Nbd2 Na5 12. Ne4 Nxb3 13. axb3 Bb4 14. Re2 Nd5 15. Bg3 b6 16. Qxd4 Bb7 17. c3 Be7 18. Rd1 c5 19. Qd2 Bc6 20. h3 b5 21. c4 Nb4 22. Nd6 Qb6 23. Qc3 Rab8 24. cxb5 axb5 25. Rc1 Na2 26. Qxc5 Nxc1 27. Qxc1 Bxf3 28. gxf3 Bxd6 29. exd6 Rfe8 30. Re7 Rxe7 31. dxe7 Re8 32. Qe1 Qe6 33. Qb4 Rxe7 34. Qxb5 Qxh3 35. Qf1 Qxf1+ 36. Kxf1 d5 37.
Bd6 Re6 38. Bc5 f5 39. b4 Kf7 40. b5 Ke8 41. b6 Kd7 42. b4 Kc6 43. Bd4 g5 44.
Bc5 f4 45. Kg2 h5 46. Kg1 Rg6 47.
Kg2 Rg7 48. Bf8 Rf7 49. Bc5 Kb5 50. Kh3 Kc4 51. Kg2 d4 52. Bxd4 Kxd4 53. b7 Rxb7 0-1

[Event "*** Titled Tuesday Blitz"]
[Site "Chess.com"]
[Date "2019.03.05"]
[Round "1"]
[White "DrRiebert"]
[Black "MITerryble"]
[Result "1/2-1/2"]
[WhiteElo "2420"]
[BlackElo "2797"]
[TimeControl "180+2"]
[EndTime "13:09:35 PST"]
[Termination "Game drawn by agreement"]

1. e4 e6 2. d4 d5 3. Nc3 Nf6 4. e5 Nfd7 5. f4 c5 6. Nf3 Nc6 7. Be3 Be7 8. Qd2 O-O 9. dxc5 Bxc5 10. Bxc5 Nxc5 11. O-O-O Qa5 12. Nd4 Bd7 13. Kb1 a6 14. h4 b5 15. Nxc6 Bxc6 16. Nxd5 Qxd2 17. Ne7+ Kh8 18. Rxd2 Be4 19. Bd3 Rad8 20. Rhd1 Bb7 21. f5 Rd4 22. Bf1 Rxd2 23. Rxd2 exf5 24. Nxf5 Bc8 25.
Nd6 Be6 26. Be2 Nd7 27. Bh5 Nxe5 28. Re2 Nd7 29. b3 Nf6 30. Bf3 Rd8 31. Ne4 Nxe4 32.
Rxe4 g6 33. a4 Kg7 34. axb5 axb5 35. Re5 b4 36. Re4 Rb8 37. Kb2 h6 38. Be2 g5 39.
hxg5 hxg5 40. Bc4 Bf5 41. Re5 Kf6 42. Rb5 Rxb5 43. Bxb5 Ke5 44. c3 Kf4 45. Bc6 bxc3+ 46. Kxc3 Ke5 47. b4 Kd6 48. Ba8 Be6 49. Kd4 f5 50. b5 f4 51. Be4 Bd7 52. b6 g4 53. b7 Kc7 54. Ke5 f3 55. Bxf3 gxf3 56. gxf3 Kxb7 1/2-1/2

[Event "*** Titled Tuesday Blitz"]
[Site "Chess.com"]
[Date "2019.03.05"]
[Round "1"]
[White "ChessWarrior7197"]
[Black "x-3738459472"]
[Result "0-1"]
[WhiteElo "2855"]
[BlackElo "2444"]
[TimeControl "180+2"]
[EndTime "13:09:38 PST"]
[Termination "x-3738459472 won by resignation"]

1. e4 c5 2. Nf3 Nc6 3. Bb5 d6 4. O-O Bd7 5. c3 Nf6 6. Re1 a6 7. Bc4 Bg4 8. d4 cxd4 9. cxd4 Bxf3 10. gxf3 Rc8 11. Nc3 e5 12. d5 Nd4 13. Bf1 Be7 14.
Be3 O-O 15. f4 b5 16. Bxd4 exd4 17. Qxd4 Nh5 18. e5 b4 19. Ne4 Nxf4 20. Nxd6 Bxd6 21. Qxf4 Bc5 22. Rad1 Qb6 23. d6 Rcd8 24. Bc4 Kh8 25. d7 Qc6 26. Qf5 Bxf2+ 27. Kxf2 Qxc4 28. Rd2 Qh4+ 29. Kf1 Qe7 30. Re4 Qc5 31. Rh4 h6 32. Rhd4 f6 33. Rd5 Qc4+ 34. Kg2 fxe5 35. Qd3 Qg4+ 36.
Qg3 Qe4+ 37. Kg1 Rf5 38. h4 Rf3 39. Qg2 Qe1+ 40. Kh2 Qxh4+ 41. Kg1 Rg3 42. Rxe5 Rxg2+ 43. Kxg2 Kh7 44. Red5 Qg4+ 45. Kh2 Qf4+ 46. Kg2 a5 47. R5d4 Qg5+ 48. Kh2 a4 49. Rd5 Qf4+ 50. Kg2 b3 51.
axb3 axb3 52. R5d4 Qg5+ 53. Kh2 h5 54. Rd5 Qf4+ 55. Kg2 h4 56. R5d3 g5 57. Kh3 Qf5+ 58. Kg2 g4 59. Rd4 Qf3+ 60. Kg1 h3 0-1

[Event "*** Titled Tuesday Blitz"]
[Site "Chess.com"]
[Date "2019.03.05"]
[Round "1"]
[White "HindsightIs2700"]
[Black "Awentrap"]
[Result "0-1"]
[WhiteElo "2306"]
[BlackElo "2674"]
[TimeControl "180+2"]
[EndTime "13:09:38 PST"]
[Termination "Awentrap won on time"]

1. e4 c5 2. Nf3 e6 3. d4 cxd4 4.
Nxd4 Nc6 5. Nc3 Qc7 6. Be3 a6 7. Be2 Nf6 8. O-O Be7 9. f4 d6 10. a4 O-O 11. Kh1 Bd7 12. Nb3 Rfc8 13. a5 Nb4 14. Bb6 Qb8 15. g4 Bc6 16. Bf3 d5 17.
e5 Ne4 18. Nd4 Bd8 19. Nxc6 bxc6 20. Bxe4 Bxb6 21. Bxh7+ Kxh7 22. axb6 Qxb6 23. g5 g6 24. Rf3 Kg7 25. Na4 Qb5 26. c3 a5 27. cxb4 axb4 28. b3 c5 29. Nb2 Rxa1 30. Qxa1 c4 31. Qa4 Qc5 32. Qd7 c3 33. Nd3 c2 34. Kg2 c1=Q 35.
Nxc1 Qxc1 36. Qe7 Rc2+ 37. Rf2 Rxf2+ 38. Kxf2 Qxf4+ 39. Kg2 Qe4+ 40. Kf2 Qxe5 41. h4 Qb2+ 42. Kg1 Qc1+ 43. Kg2 Qc2+ 44. Kg1 Qd1+ 45. Kg2 Qe2+ 46.
Kg1 Qe3+ 47. Kg2 Qe4+ 48. Kg1 Qg4+ 49. Kf1 Qf4+ 50. Kg1 e5 51. Kg2 e4 52. Qxb4 Qf3+ 53. Kg1 e3 54. Qd4+ Kg8 55. Qd3 Qf2+ 56. Kh1 e2 0-1

[Event "*** Titled Tuesday Blitz"]
[Site "Chess.com"]
[Date "2019.03.05"]
[Round "1"]
[White "nikitakhoroshev"]
[Black "fish7728"]
[Result "1-0"]
[WhiteElo "2606"]
[BlackElo "2249"]
[TimeControl "180+2"]
[EndTime "13:09:38 PST"]
[Termination "nikitakhoroshev won by resignation"]

1. e4 c5 2. Nf3 Nc6 3. Bb5 g6 4. O-O Bg7 5. c3 Nf6 6. Re1 O-O 7. h3 Qc7 8. d4 cxd4 9. cxd4 d5 10. e5 Nd7 11. Nc3 Nb6 12. Bf4 a6 13. Bd3 Nb4 14.
Rc1 Nxd3 15. Qxd3 Bf5 16. Qe2 Qd8 17. b3 Rc8 18. Qd2 Re8 19. Ne2 Qd7 20. Qb4 Qb5 21.
Qxb5 axb5 22. Rc5 Rxc5 23. dxc5 Nd7 24. b4 Bd3 25. Ned4 e6 26. a3 Ra8 27. Bc1 Bc4 28.
g4 Bd3 29. Bb2 Bc4 30. g5 Nb8 31. Nd2 Nc6 32. N4b3 h6 33. h4 h5 34. f4 Kf8 35.
Kf2 Ke7 36. Ke3 Kd7 37. Nd4 Nxd4 38. Kxd4 Kc6 39. Re3 Kd7 40. Nb1 Kc6 41. Nc3 Kd7 42.
Re1 Kc6 43. Ra1 Kd7 44. a4 bxa4 45. Rxa4 Rxa4 46. Nxa4 Bf1 47. Nb6+ Kc7 48. Bc1 Bf8 49. Be3 Be7 50. Kc3 Bd8 51. Kb3 Kc6 52. Na4 Bc7 53. Nc3 Bb5 54. Bd4 Bc4+ 55. Ka4 Kd7 56. b5 Kc8 57. Kb4 Kd7 58. Be3 Kc8 59. c6 b6 60. Na4 Kb8 61. Bxb6 Bxb6 62. Nxb6 Kc7 63. Nxc4 dxc4 64. Kxc4 1-0

[Event "*** Titled Tuesday Blitz"]
[Site "Chess.com"]
[Date "2019.03.05"]
[Round "1"]
[White "j2806"]
[Black "mlchen"]
[Result "0-1"]
[WhiteElo "1817"]
[BlackElo "2466"]
[TimeControl "180+2"]
[EndTime "13:09:38 PST"]
[Termination "mlchen won by resignation"]

1. e4 e5 2. Nf3 Nc6 3. Bb5 a6 4. Ba4 Nf6 5. d3 b5 6. Bb3 Bc5 7. O-O h6 8. c3 Bb6 9. Nbd2 O-O 10. h3 d6 11. Re1 Na5 12. Bc2 c5 13. Nf1 Nc6 14.
Ng3 Ne7 15. d4 cxd4 16. cxd4 Qc7 17. Be3 Ng6 18. dxe5 dxe5 19. Rc1 Rd8 20. Qe2 Qa7 21. Bxb6 Qxb6 22. Red1 Be6 23. Rxd8+ Rxd8 24. Rd1 Nf4 25.
Qf1 Bc4 26. Rxd8+ Qxd8 27. Qd1 Qxd1+ 28. Bxd1 Ng6 29. b3 Bd3 30. Nd2 Nf4 31. Bf3 Kf8 32. Ngf1 Ke7 33. Kh2 Kd6 34. g3 Ne2 35. Ne3 g6 36.
Kg2 Nd4 37. Ng4 Ng8 38. Bd1 h5 39. Ne3 Ne7 40. f3 Kc5 41. Kf2 Kb4 42. a4 Kc3 43.
Ke1 Nc2+ 44. Nxc2 Bxc2 45. Bxc2 Kxc2 46. Ke2 Kc3 47. axb5 axb5 48. f4 exf4 49. gxf4 Nc6 50. e5 Nd4+ 51. Ke3 Nxb3 52. Nxb3 Kxb3 53. Ke4 Kc4 54. f5 gxf5+ 55. Kxf5 Kd5 56. Kg5 Kxe5 57. Kxh5 b4 58. Kh6 Kf6 59. h4 b3 60. h5 b2 61. Kh7 b1=Q+ 62. Kg8 Qb8+ 63. Kh7 Qg3 64. h6 Qg6+ 0-1

[Event "*** Titled Tuesday Blitz"]
[Site "Chess.com"]
[Date "2019.03.05"]
[Round "1"]
[White "r31415"]
[Black "GMKrikor"]
[Result "0-1"]
[WhiteElo "2362"]
[BlackElo "2734"]
[TimeControl "180+2"]
[EndTime "13:09:41 PST"]
[Termination "GMKrikor won by resignation"]

1. e4 c5 2. Nf3 e6 3. d4 cxd4 4. Nxd4 Nc6 5. Nb5 d6 6. c4 a6 7.
N5c3 b6 8. Be2 Bb7 9. O-O Nf6 10. Bf4 Be7 11. Nd2 O-O 12. Re1 Nb8 13. Bf3 Qc7 14.
e5 dxe5 15. Bxe5 Qc8 16. Bxb7 Qxb7 17. Nde4 Nbd7 18. Bd6 Bxd6 19. Qxd6 Rac8 20. b3 Nxe4 21. Nxe4 Nc5 22. Nxc5 Rxc5 23. Rad1 h6 24. Re3 Rfc8 25.
Red3 b5 26. cxb5 axb5 27. Qf4 Rf5 28. Qg3 Rc2 29. a4 bxa4 30. bxa4 Rcxf2 31. Rd8+ Kh7 32. Qxf2 Rxf2 33. Kxf2 Qa7+ 34. R1d4 e5 35. Rd7 Qc5 36. Rd5 Qc2+ 37. Rd2 Qxa4 38. Rd7 f6 39. g3 Qc4 40. Rb7 Qc5+ 41. Kf1 Qc1+ 42. Ke2 Qh1 43. Rdd7 Qxh2+ 44. Kf3 e4+ 45. Kf4 Qf2+ 46. Kg4 Qf3+ 47. Kh4 Qh1+ 48. Kg4 h5+ 49. Kf5 Qf3+ 50. Ke6 Qxg3 51. Rd8 e3 52.
Rbb8 e2 53. Kf7 Qg6+ 54. Kf8 e1=Q 0-1

[Event "*** Titled Tuesday Blitz"]
[Site "Chess.com"]
[Date "2019.03.05"]
[Round "1"]
[White "BIG_Pirate"]
[Black "Divertissement"]
[Result "0-1"]
[WhiteElo "2368"]
[BlackElo "2739"]
[TimeControl "180+2"]
[EndTime "13:09:44 PST"]
[Termination "Divertissement won by resignation"]

1. Nf3 c5 2. c4 b6 3. g3 Bb7 4.
Bg2 Nf6 5. Nc3 g6 6. d4 cxd4 7.
Qxd4 Bg7 8. O-O O-O 9. Qd2 d6 10. Rd1 Nbd7 11. Qc2 a6 12. b3 Rc8 13. Bb2 b5 14.
cxb5 axb5 15. Qd2 Qb6 16. Nd4 Bxg2 17. Kxg2 Qb7+ 18. Kg1 b4 19. Ncb5 h5 20. Qxb4 h4 21. a4 h3 22. Nf3 Nc5 23. Bxf6 Bxf6 24. Rac1 Kg7 25. Rc4 Na6 26. Qd2 Rxc4 27. bxc4 Rc8 28. Qd5 Qxd5 29. cxd5 Rc4 30. Nbd4 Rxa4 31. e3 Nb4 32.
Ne2 g5 33. Nfd4 Kg6 34. f3 Nxd5 35. Kf2 Ra2 36. Rc1 Nb4 37. Rd1 d5 38. Ke1 e6 39. Rd2 Ra1+ 40. Rd1 Bxd4 41. Nxd4 Ra2 42. Rd2 Ra1+ 43. Rd1 Rxd1+ 44. Kxd1 e5 45. Ne2 f5 46.
Kd2 g4 47. fxg4 fxg4 48. Nc3 Kf5 49. Nd1 Ke4 50. Ke2 Kf5 51. Nf2 Nc6 52. Kd3 e4+ 53. Kc3 Ne5 54. Kd4 Nf3+ 55. Kxd5 Nxh2 56. Nxe4 Nf1 57.
Nf2 Nxe3+ 58. Kd4 Nf1 59. Kd3 Nxg3 60. Ke3 h2 0-1

[Event "*** Titled Tuesday Blitz"]
[Site "Chess.com"]
[Date "2019.03.05"]
[Round "1"]
[White "Kampkatten"]
[Black "Quiet_Desperation"]
[Result "1-0"]
[WhiteElo "2777"]
[BlackElo "2402"]
[TimeControl "180+2"]
[EndTime "13:09:45 PST"]
[Termination "Kampkatten won by resignation"]

1. c4 e5 2. Nc3 Nc6 3. Nf3 Nf6 4. g3 d6 5. Bg2 Be7 6. O-O Bg4 7. Rb1 Qd7 8. Nd5 Nxd5 9. cxd5 Nd8 10. d4 e4 11.
Nd2 f5 12. f3 exf3 13. exf3 Bh5 14. Kh1 O-O 15. Nc4 Nf7 16. Qb3 b6 17. Bd2 Bf6 18.
Qd3 Rfe8 19. b3 Re7 20. Rbe1 Rae8 21. Rxe7 Rxe7 22. a4 Bg6 23. f4 Qe8 24. Bf3 Nh6 25.
h3 Bh5 26. Ne5 Bxf3+ 27. Qxf3 g6 28. Bc3 Bg7 29. Rd1 dxe5 30. dxe5 Nf7 31. Kg2 Nxe5 32.
fxe5 Bxe5 33. Bxe5 Rxe5 34. Kf2 Qe7 35. Rc1 Qb4 36.
Qc3 Qe4 37. d6 cxd6 38. h4 Qe2+ 39. Kg1 Qe3+ 40. Kg2 Qxc3 41. Rxc3 Re7 42. Rc6 Rd7 43. Kf3 d5 44. Ke3 d4+ 45. Kd3 Kf7 46. b4 h6 47. b5 Kg7 48. Re6 Kf7 49. Rc6 Kg7 50. Re6 g5 51. h5 f4 52. gxf4 gxf4 53. Rg6+ Kh7 54. Rf6 Rd5 55. Rxf4 Rxh5 56. Rf7+ Kg6 57. Rxa7 Rh3+ 58. Kxd4 Rh4+ 59. Kd5 Rb4 60. Kc6 h5 61. Kxb6 h4 62. a5 h3 63. Rc7 h2 64. Rc1 Rh4 65. a6 Rg4 66. Rh1 Rh4 67. a7 1-0

[Event "*** Titled Tuesday Blitz"]
[Site "Chess.com"]
[Date "2019.03.05"]
[Round "1"]
[White "kuli4ik"]
[Black "b_6"]
[Result "1-0"]
[WhiteElo "2770"]
[BlackElo "2399"]
[TimeControl "180+2"]
[EndTime "13:09:45 PST"]
[Termination "kuli4ik won by resignation"]

1. Nf3 d5 2. g3 Bg4 3. Bg2 Nd7 4. O-O e6 5. c4 Ngf6 6. cxd5 exd5 7. Qb3 Nc5 8. Qc2 c6 9. d3 Be7 10. Nc3 O-O 11. h3 Bh5 12. Nd4 Ne6 13. Nf5 Bg6 14.
Nh4 d4 15. Nxg6 hxg6 16. Ne4 Nd5 17. a3 Qd7 18. b4 Rac8 19. Bb2 Rfd8 20. Rac1 f5 21.
Nd2 Bf6 22. Qb3 Kh7 23. Nf3 g5 24. Rc4 Nb6 25. Rc2 Nd5 26. Rfc1 g4 27. hxg4 fxg4 28.
Nd2 Ng5 29. Ne4 Nxe4 30. Bxe4+ g6 31. b5 Kg7 32. bxc6 Rxc6 33. Rc5 Rxc5 34. Rxc5 Nc3 35.
Qxb7 Qxb7 36. Bxb7 Nxe2+ 37. Kg2 Rb8 38. Rc7+ Kh6 39. a4 Nc3 40. a5 a6 41. Bc1+ Bg5 42.
Bxg5+ Kxg5 43. Bxa6 Rb2 44. Bc4 Nd1 45. a6 Rxf2+ 46.
Kg1 Re2 47. a7 Re1+ 48. Kg2 Ne3+ 49. Kf2 Ra1 50. Bb5 Nd1+ 51. Kg2 Ne3+ 52. Kf2 Ra2+ 53. Ke1 Ra1+ 54. Kd2 Nf1+ 55. Kc2 Ne3+ 56. Kb2 Ra5 57. Bc6 Nd1+ 58. Kb3 1-0

[Event "*** Titled Tuesday Blitz"]
[Site "Chess.com"]
[Date "2019.03.05"]
[Round "1"]
[White "moro182"]
[Black "ChessicallyInclined"]
[Result "1-0"]
[WhiteElo "2810"]
[BlackElo "2411"]
[TimeControl "180+2"]
[EndTime "13:09:48 PST"]
[Termination "moro182 won by resignation"]

1. d4 d5 2. Bf4 e6 3. e3 Nf6 4. Nf3 Bd6 5. Nbd2 Bxf4 6. exf4 O-O 7. Bd3 c5 8. dxc5 Qc7 9. g3 Qxc5 10. O-O Nc6 11. c3 Rd8 12. Re1 Bd7 13. Qe2 Rac8 14. Rad1 a6 15. Nb3 Qb6 16. Ne5 Be8 17. Bb1 Ne7 18.
Nd4 Qc7 19. h4 Ba4 20. Rd2 Be8 21. Kg2 b5 22. a3 Qb6 23. h5 a5 24. h6 g6 25.
Nef3 Nd7 26. Nxb5 Nf5 27. Bxf5 exf5 28. a4 Qf6 29. Rxd5 Nf8 30. Qe5 Qxe5 31. Rexe5 Bc6 32. Rxd8 Rxd8 33. Nd4 Bxa4 34. Rxa5 Bd1 35. Ne5 f6 36.
Nec6 Re8 37. Ra7 g5 38. Rg7+ Kh8 39. Ne7 Ng6 40. Nxg6+ hxg6 41. Rxg6 gxf4 42. gxf4 Re4 43.
Rxf6 Rxf4 44. Rxf5 Rg4+ 45. Kf1 Rh4 46. Ke1 Bg4 47.
Rg5 Kh7 48. b4 Kxh6 49. Rg8 Kh7 50. Rf8 Rh1+ 51. Kd2 Kg7 52. Rf4 Bd7 53. b5 Rb1 54. c4 Kg6 55. Kc2 Rf1 56. Kc3 Kg5 57. Rf8 Rb1 58.
f4+ Kg6 59. f5+ Kg7 60. Rd8 1-0

[Event "*** Titled Tuesday Blitz"]
[Site "Chess.com"]
[Date "2019.03.05"]
[Round "1"]
[White "andrzej"]
[Black "KhalilMousavi77"]
[Result "0-1"]
[WhiteElo "2274"]
[BlackElo "2641"]
[TimeControl "180+2"]
[EndTime "13:09:48 PST"]
[Termination "KhalilMousavi77 won by resignation"]

1. d4 d5 2. c4 e6 3. Nf3 Nf6 4.
g3 Be7 5. Bg2 O-O 6. O-O dxc4 7.
Ne5 Nc6 8. Bxc6 bxc6 9. Nxc6 Qe8 10. Nxe7+ Qxe7 11. Qc2 c5 12. Qxc4 cxd4 13. Qxd4 h6 14. Nc3 Bb7 15. Qh4 e5 16. e4 Qe6 17. f3 Qb6+ 18.
Kh1 Rad8 19. g4 Rd3 20. Qf2 Ba6 21. Qxb6 axb6 22. Rf2 g5 23. Kg2 Rfd8 24. a4 Bc4 25. Ra3 Nd7 26. Rd2 Nc5 27. Rxd3 Rxd3 28. Kf2 Rd6 29.
Kg2 Rd3 30. Kf2 Rd6 31. Kg2 Nd3 32. Be3 Nxb2 33. Nb5 Rc6 34. Na7 Rf6 35. Nc8 Be2 36.
Bxb6 Kh7 37. a5 Nc4 38. Rb3 Nd2 39. Re3 Bxf3+ 40. Kg1 Bxe4 41. h3 Bb7 42. Ne7 Rf4 43.
Nf5 Rf1+ 44. Kh2 Rh1+ 45. Kg3 Nf1+ 46. Kf2 Nxe3 47. Nxe3 Rxh3 48. Nc4 e4 49. Nd6 Bd5 50. a6 Rb3 51. Bd4 h5 52. gxh5 g4 53. Nf5 Rf3+ 54. Ke2 Rxf5 55. a7 Ba8 0-1

[Event "*** Titled Tuesday Blitz"]
[Site "Chess.com"]
[Date "2019.03.05"]
[Round "1"]
[White "Arystanner"]
[Black "MaxiAMueller"]
[Result "1-0"]
[WhiteElo "2653"]
[BlackElo "2241"]
[TimeControl "180+2"]
[EndTime "13:09:51 PST"]
[Termination "Arystanner won by checkmate"]

1. e4 c5 2. Nf3 d6 3. d4 cxd4 4.
Qxd4 e5 5. Qd1 Nf6 6. Nc3 h6 7. Bc4 Qc7 8. Bb3 Nbd7 9. O-O Nc5 10. Nd5 Nxd5 11. Bxd5 Be6 12. c3 Be7 13. Be3 Bxd5 14. Qxd5 Ne6 15. Rfd1 O-O 16. a4 Qc6 17. Ne1 Rfd8 18.
Nc2 Bg5 19. Nb4 Qxd5 20. Nxd5 Kf8 21. f3 Bxe3+ 22. Nxe3 g6 23. Kf2 Rac8 24. Rd2 Rc6 25. Nd5 Nc5 26. Ra3 Ne6 27. b4 Nc7 28. Ne3 a6 29. c4 Ne6 30. b5 Rc5 31. Rad3 Nd4 32. Rxd4 exd4 33. Rxd4 Rdc8 34. Rxd6 axb5 35. axb5 Ra8 36. Rd7 Ra2+ 37. Kg3 Ra3 38. Nd5 Rxc4 39. Rxb7 Ra2 40. b6 Rcc2 41. Kf4 Kg7 42. Rb8 f5 43. b7 fxe4 44. Rc8 Rcb2 45. b8=Q Rxb8 46. Rxb8 Rxg2 47. fxe4 Rxh2 48. Rb7+ Kf8 49. e5 Rf2+ 50. Ke4 Re2+ 51. Ne3 g5 52. e6 g4 53. Kd3 Re1 54.
Kd2 Ra1 55. Nf5 Ra2+ 56. Ke3 Ra3+ 57. Kf4 Ra4+ 58. Kg3 Ra6 59. Rb8# 1-0

[Event "*** Titled Tuesday Blitz"]
[Site "Chess.com"]
[Date "2019.03.05"]
[Round "1"]
[White "JosefineHeinemann"]
[Black "Barcelona_Guy"]
[Result "1/2-1/2"]
[WhiteElo "2399"]
[BlackElo "2741"]
[TimeControl "180+2"]
[EndTime "13:09:54 PST"]
[Termination "Game drawn by agreement"]

1. e4 e5 2. Nf3 Nc6 3. Bb5 a6 4. Ba4 b5 5. Bb3 g6 6. O-O Bg7 7. c3 Nge7 8. a4 Bb7 9. d4 exd4 10. cxd4 O-O 11. Nc3 b4 12. Ne2 d6 13. Ng3 Na5 14. Bc2 c5 15. Be3 c4 16. Re1 Rc8 17. Qd2 Nec6 18. d5 c3 19. bxc3 Bxc3 20. Qe2 Ne5 21. Nxe5 dxe5 22. Rab1 Bxe1 23. Rxe1 b3 24. Bd3 Qd7 25.
Bxa6 Bxa6 26. Qxa6 Qxa4 27. Bh6 Qb4 28. Rf1 f6 29. Qe6+ Kh8 30. d6 Rce8 31. Qd5 b2 32.
Bxf8 Rxf8 33. d7 Rd8 34. Qf7 Qd6 35. Qa2 Qb6 36. Rb1 Rxd7 37. Rxb2 Rd1+ 38. Nf1 Qa6 39. Re2 Kg7 40. g3 h5 41. Kg2 h4 42. Ne3 Rd6 43. Rc2 Qb6 44. Nc4 Nxc4 45. Qxc4 Qd4 46. Qxd4 exd4 47.
Rd2 f5 48. exf5 gxf5 49. Kf3 Kf6 50. Kf4 Rd5 51. gxh4 Rd8 52. Rd3 Rh8 53. Kg3 Rg8+ 54. Kf3 Ke5 55. h3 Rh8 56. Kg3 Rg8+ 57. Kf3 Rg1 58.
Ra3 Re1 59. Ra5+ Kf6 60. Ra6+ Kf7 61. Rd6 Re4 62. h5 Ke7 63. Rd5 Ke6 64. Rd8 Ke7 65. Rd5 Ke6 66. Rd8 Rh4 67. Kg3 Rxh5 68. Rxd4 Rh8 69.
Ra4 Kf6 70. h4 Rg8+ 71. Kf3 Rb8 72. Ra6+ Ke5 73. h5 Rb3+ 74. Kg2 Kf4 75. h6 Rb7 76. Ra4+ Kg5 77. Ra6 Rh7 78. Kf3 Rxh6 79. Rxh6 Kxh6 80. Kf4 Kg6 81. Kf3 Kg5 82. Kg3 1/2-1/2

[Event "*** Titled Tuesday Blitz"]
[Site "Chess.com"]
[Date "2019.03.05"]
[Round "1"]
[White "Sashadav97"]
[Black "diskeleven"]
[Result "1-0"]
[WhiteElo "2639"]
[BlackElo "2274"]
[TimeControl "180+2"]
[EndTime "13:09:58 PST"]
[Termination "Sashadav97 won by resignation"]

1. d4 f5 2. c4 Nf6 3. Nc3 e6 4. e3 d5 5. h3 c6 6. g4 g6 7. Qb3 Qb6 8. Qc2 Be7 9. gxf5 gxf5 10. cxd5 Nxd5 11. Nxd5 exd5 12. Bd3 Bb4+ 13. Bd2 Bxd2+ 14. Qxd2 Na6 15. Ne2 Nb4 16. Bb1 Bd7 17. a3 Na6 18. Bd3 Nc7 19. Nc3 Qb3 20. Bc2 Qc4 21. O-O-O O-O-O 22.
b3 Qa6 23. Kb2 Nb5 24. Na4 b6 25. Bd3 Rhg8 26. Rhg1 Kb8 27. Qc2 Rxg1 28. Rxg1 Qa5 29. Rg7 f4 30. Bxb5 Qxb5 31. Rxh7 fxe3 32. fxe3 c5 33. Nc3 Qc6 34. Qh2+ Ka8 35. Qe5 cxd4 36. exd4 Bc8 37. a4 Bb7 38. Nb5 a6 39. Qe7 Rc8 40. Qxb7+ Qxb7 41. Rxb7 axb5 42. Rxb6 bxa4 43. bxa4 Rh8 44. Rb3 Rh4 45. Rd3 Kb7 46. Kb3 Kb6 47. Kb4 Rh6 48. a5+ Ka6 49. Kc5 Rh5 50. Ra3 Rf5 51. h4 Rh5 52. Kc6 Ka7 53. a6 Rxh4 54. Kxd5 Rh8 55. Kc6 Rc8+ 56. Kd7 Rh8 57. d5 Kb8 58.
a7+ Ka8 59. d6 Rh7+ 60. Ke6 Rh6+ 61. Kd5 Rh5+ 62. Kc6 Rh6 63. Kc7 Rh1 64. d7 Rc1+ 65.
Kd8 Re1 66. Rc3 Kxa7 67. Kc8 Re6 68. Kc7 1-0

[Event "*** Titled Tuesday Blitz"]
[Site "Chess.com"]
[Date "2019.03.05"]
[Round "1"]
[White "Didici"]
[Black "Walter_White_Poland"]
[Result "1-0"]
[WhiteElo "2570"]
[BlackElo "2198"]
[TimeControl "180+2"]
[EndTime "13:10:01 PST"]
[Termination "Didici won by resignation"]

1. d4 Nf6 2. c4 c5 3. d5 e6 4. Nc3 exd5 5. cxd5 d6 6. e4 g6 7. h3 Bg7 8. Nf3 O-O 9. Bd3 b5 10. Nxb5 Re8 11. O-O Nxe4 12. Re1 a6 13. Nc3 Nxc3 14. bxc3 Bxc3 15. Rxe8+ Qxe8 16. Rb1 Nd7 17. Qa4 Qd8 18. Rb3 Bg7 19. Qc6 Rb8 20. Qxd6 Rxb3 21. axb3 Qb6 22. Qxb6 Nxb6 23. d6 Be6 24. Bxa6 Bxb3 25. Be3 Nd7 26. Bb5 Be6 27. Ng5 Nf8 28. Bxc5 Bf6 29. Ne4 Bd8 30. Bd4 f5 31. Nf6+ Bxf6 32.
Bxf6 Kf7 33. Be7 Bd7 34. Bc4+ Ne6 35. f4 h6 36. Kf2 Ke8 37. Ke3 Bc8 38. g4 Bd7 39.
gxf5 gxf5 40. Bd3 Nc5 41. Bc2 Kf7 42. Kd4 Nb7 43. Ke5 Kg6 44. Kd5 Na5 45. Kc5 Nc6 46.
Ba4 Nb8 47. Bxd7 Nxd7+ 48. Kc6 Nb8+ 49. Kc7 Na6+ 50. Kc8 Nc5 51. d7 Nxd7 52. Kxd7 Kf7 53. Kd6 h5 54. Bh4 Kg6 55. Ke5 1-0